 Dungeon Crawl Stone Soup version 0.28-a0-1629-gf728b707aa (webtiles) character file.

Game seed: 4799479706280058051

1108 Hasart the Slasher (level 7, -7/59 HPs)
             Began as a Demigod Fighter on Jan 24, 2022.
             Mangled by a wyvern (15 damage)
             ... on level 5 of the Dungeon.
             The game lasted 00:08:55 (6710 turns).

Hasart the Slasher (Demigod Fighter)                Turns: 6710, Time: 00:08:56

Health: -7/59      AC: 12    Str: 17    XL:     7   Next: 86%
Magic:  9/9        EV: 13    Int: 10    God:
Gold:   208        SH:  0    Dex: 21    Spells: 6/6 levels left

rFire   . . .      SeeInvis .   n - +1 great sword (protect)
rCold   . . .      Faith    .   (shield currently unavailable)
rNeg    + . .      Spirit   .   e - +0 leather armour {rPois}
rPois   +          Reflect  .   (no helmet)
rElec   .          Harm     .   r - +0 cloak
rCorr   .          Rampage  .   (no gloves)
Will    .....                   g - +0 pair of boots
Stlth   ++........              (no amulet)
HPRegen 0.19/turn               q - ring of positive energy
MPRegen 0.11/turn               (no ring)

@: under a protective aura
A: high mp 1, forlorn, divine attributes
a: no special abilities


You were on level 5 of the Dungeon.
You visited 1 branch of the dungeon, and saw 5 of its levels.
You also visited: Sewer.

You collected 208 gold pieces.

Inventory:

Hand Weapons
 a - a +0 long sword
 n - a +1 great sword of protection (weapon)
Missiles
 j - 5 silver javelins (quivered)
Armour
 b - a +0 scale mail
 c - a +0 buckler
 e - a +0 leather armour of poison resistance (worn)
 g - a +0 pair of boots (worn)
 r - a +0 cloak (worn)
Jewellery
 l - a ring of magical power
 q - a ring of positive energy (left hand)
Scrolls
 f - a scroll of fear
 k - 3 scrolls of identify
 p - 2 scrolls of teleportation
Potions
 d - 2 potions of might
 h - 3 potions of flight {unknown}
 i - 2 potions of berserk rage
 m - a potion of attraction {unknown}
 o - a potion of degeneration {unknown}
 s - 3 potions of mutation {unknown}
 t - a potion of lignification {unknown}
 u - 3 potions of curing {unknown}
 v - a potion of brilliance {unknown}
 z - a potion of resistance {unknown}


   Skills:
 + Level 4.1 Fighting
 * Level 4.9 Long Blades
 + Level 2.9 Throwing
 + Level 4.2 Armour
 + Level 3.0 Dodging
 + Level 4.2 Shields


You had 6 spell levels left.
You didn't know any spells.
Your spell library contained the following spells:

 Spells                   Type           Power      Damage    Failure   Level
 Call Canine Familiar     Summ           0%         N/A       80%         3
 Portal Projectile        Hex/Tloc       0%         N/A       80%         3
 Leda's Liquefaction      Hex/Erth       0%         N/A       99%         4


Dungeon Overview and Level Annotations

Branches:
Dungeon (5/15)              Sewer (visited)
 Temple: D:4-7

Shops:
D:4 :

Annotations:
D:5 4 runed translucent doors


Innate Abilities, Weirdness & Mutations

You have an increased reservoir of magic. (+10% MP)
You shall have no god before yourself.
Your divine heritage dramatically boosts your attributes as you level up.


Message History

You kill the shadow imp!
You slash the iguana!
The iguana is heavily wounded.
The iguana bites you but does no damage.
You barely miss the iguana.
The iguana is heavily wounded.
The iguana misses you. x2
You slash the iguana!
You kill the iguana!
No target in view!
No target in view!
An iguana comes into view.
An iguana is nearby!
The iguana hisses angrily.
You closely miss the iguana. The iguana barely misses you.
The iguana bites you!
You slash the iguana!
Your weapon exudes an aura of protection.
You kill the iguana!
A wyvern and a scorpion zombie come into view.
The wyvern hisses angrily.
There are monsters nearby!
There is an open door, spattered with blood here.
The wyvern bites you!
You barely miss the wyvern. The wyvern bites you! The wyvern bites you.
You slash the wyvern!
Your weapon exudes an aura of protection.
The wyvern is heavily wounded.
The wyvern misses you.
The wyvern bites you but does no damage.
You slash the wyvern!
The wyvern is severely wounded.
The wyvern barely misses you.
The wyvern bites you but does no damage.
The wyvern bites you!
* * * LOW HITPOINT WARNING * * *
You barely miss the wyvern.
The wyvern is severely wounded.
The wyvern barely misses you. The wyvern bites you!
You die...

#.......### ###..#8....8#.#
#.........####....+.....Y+.#
#....(.....)......+OO....+.##
#.................#8....8#..##
#.................##8)?8##....
#..................######.....
#......#######..###'# #'###.
#..#...## #l##l.†# #. ##
.####.. #@#.#.## ## # ##
#.#.##.# # #.#l ## # #.#. #
#.## ## ## #.. ##..######. ##.
........... # .####...###
###..##


You could see a wyvern.

Vanquished Creatures
  A black bear (D:5)
  An ice beast (D:5)
  2 ogres (D:5)
  A centaur (D:3)
  A phantom (D:4)
  A scorpion (D:4)
  A howler monkey (D:5)
  2 hounds (D:5)
  A hell rat (Sewer)
  6 iguanas
  4 gnolls
  2 river rats (Sewer)
  8 adders
  A howler monkey skeleton (D:5)
  A shadow imp (D:5)
  2 white imps (D:5)
  An adder skeleton (D:4)
  3 worms
  4 dart slugs
  4 orcs (D:4)
  9 endoplasms
  3 giant cockroaches
  7 hobgoblins
  3 jackals (D:1)
  3 kobolds
  9 quokkas
  7 ball pythons
  7 bats
  5 frilled lizards
  8 goblins
  17 rats
125 creatures vanquished.

Notes
Turn   | Place    | Note
-------+----------+-------------------------------------------
     0 | D:1      | Hasart the Demigod Fighter began the quest for the Orb.
     0 | D:1      | Reached XP level 1. HP: 18/18 MP: 3/3
   230 | D:1      | Reached XP level 2. HP: 25/25 MP: 4/4
  1024 | D:1      | Reached XP level 3. HP: 18/30 MP: 5/5
  2011 | D:2      | Reached skill level 1 in Dodging
  2308 | D:3      | Identified the +1 ring mail of Mysticism {Stlth+}
  2414 | D:3      | Reached skill level 1 in Throwing
  2414 | D:3      | Reached XP level 4. HP: 17/38 MP: 6/6
  2785 | D:3      | Noticed a centaur
  2792 | D:3      | Killed a centaur
  2793 | D:3      | Reached XP level 5. HP: 14/45 MP: 7/7
  3566 | D:4      | Found Nauza's Book Emporium.
  3880 | D:4      | Reached XP level 6. HP: 43/51 MP: 8/8
  3908 | D:4      | Found a glowing drain.
  3914 | Sewer    | Entered a sewer
  5243 | D:5      | Entered Level 5 of the Dungeon
  5426 | D:5      | Reached XP level 7. HP: 54/58 MP: 9/9
  6121 | D:5      | Found a large runed translucent door.
  6123 | D:5      | Found a large runed translucent door.
  6390 | D:5      | Noticed a two-headed ogre
  6391 | D:5      | Noticed a yak
  6658 | D:5      | Found a large runed translucent door.
  6658 | D:5      | Found a large runed translucent door.
  6698 | D:5      | Noticed a wyvern
  6710 | D:5      | Mangled by a wyvern

Illustrated notes

Levels and vault maps discovered:
D:1:      amcnicky_arrival_underground_garden, layout_loops_ring,
          hellmonk_ecumenical_altar_pennies_from_heaven
D:2:      layout_loops_ring
D:3:      layout_loops_cross, st_stairs_5
D:4:      layout_gridville, mainiacjoe_overflow_concentric_impassable,
          serial_shops, shop, gup_sewer_entry_bubbles
D:5:      layout_layer_cave, minmay_hollow_rounded_squares

Skill      XL: |  1  2  3  4  5  6  7 |
---------------+----------------------+-----
Long Blades    | 2 3 4 |  4.9
Armour         | 3 4 |  4.2
Shields        | 3 4 |  4.2
Dodging        | 1 2 3 |  3.0
Fighting       | 3 4 |  4.1
Throwing       | 1 2 |  2.9

Action                   |  1- 3 |  4- 6 |  7- 9 || total
-------------------------+-------+-------+-------++-------
Melee: Long sword        |   145 |       |       ||   145
       Great sword       |    23 |   205 |    57 ||   285
Throw: Javelin           |       |       |     1 ||     1
  Use: Scroll            |     6 |     4 |       ||    10
 Stab: Sleeping          |     1 |     3 |       ||     4
Armor: Scale mail        |    10 |       |       ||    10
       Leather armour    |    61 |    74 |    21 ||   156
Dodge: Dodged            |    81 |   175 |    44 ||   300
Block: Buckler           |    37 |       |       ||    37

Table legend: (Time is in decaauts)
 A = Elapsed time spent in this place.
 B = Non-inter-level travel time spent in this place.
 C = Inter-level travel time spent in this place.
 D = Time resting spent in this place.
 E = Time spent auto-exploring this place.
 F = Levels seen in this place.
 G = Mean time per level.
                   A        B        C        D        E       F      G
               +--------+--------+--------+--------+--------+-----+--------+
         Total |   6948 |   6840 |    108 |    542 |   4955 |   6 | 1158.0 |
       Dungeon |   6480 |   6372 |    108 |    542 |   4579 |   5 | 1296.0 |
         Sewer |    467 |    467 |      0 |      0 |    375 |   1 |  467.0 |
               +--------+--------+--------+--------+--------+-----+--------+

Top non-repeatable levels by time:
     D:4: 1501 daAuts
     D:1: 1445 daAuts
     D:5: 1347 daAuts
     D:3: 1290 daAuts
     D:2: 896 daAuts
   Sewer: 467 daAuts
